 Dungeon Crawl Stone Soup version 0.26-a0-663-g36e8fdb655 (webtiles) character file.

Game seed: 6434168811576645128

283 somkeydreadnuts the Ruffian (level 6, -4/61 HPs)
             Began as a Troll Monk on Oct 12, 2020.
             Slain by an orc priest
             ... wielding a +0 vorpal hand axe
              (6 damage)
             ... on level 3 of the Dungeon.
             The game lasted 00:11:03 (1836 turns).

somkeydreadnuts the Ruffian (Troll Monk)            Turns: 1836, Time: 00:11:04

Health: -4/61      AC:  6    Str: 22    XL:     6   Next: 7%
Magic:  5/5        EV: 11    Int: 12    God:
Gold:   121        SH:  5    Dex: 12    Spells: 5/5 levels left

rFire    . . .     SeeInvis .     - Unarmed
rCold    . . .     Faith    .   (no shield)
rNeg     . . .     Spirit   .   a - +0 robe
rPois    .         Reflect  +   (helmet restricted)
rElec    .         Harm     .   (no cloak)
rCorr    .         Rampage  .   (gloves unavailable)
MR       .....                  (boots unavailable)
Stlth    ++........             i - amulet of reflection
HPRegen  0.60/turn              j - +6 ring of intelligence
MPRegen  0.09/turn              (no ring)

@: no status effects
A: large, unfitting armour, claws 3, regeneration 1, shaggy fur 1, tough skin 3
a: no special abilities


You were on level 3 of the Dungeon.
You visited 1 branch of the dungeon, and saw 3 of its levels.

You collected 121 gold pieces.

Inventory:

Armour
 a - a +0 robe (worn)
 e - a cursed +0 pair of boots
 f - a +0 robe
Jewellery
 b - an uncursed amulet of guardian spirit
 i - an amulet of reflection (around neck)
 j - a +6 ring of intelligence (left claw)
Scrolls
 c - 4 scrolls of identify {unknown}
 d - a scroll of blinking {unknown}
 g - a scroll of teleportation {unknown}
Potions
 h - 2 potions of might {unknown}


   Skills:
 + Level 3.1 Fighting
 + Level 3.4 Dodging
 + Level 1.6 Stealth
 + Level 5.1 Unarmed Combat


You had 5 spell levels left.
You didn't know any spells.
Your spell library was empty.

Dungeon Overview and Level Annotations

Branches:
Dungeon (3/15)

Altars:


Innate Abilities, Weirdness & Mutations

You are too large for most types of armour.
You have claws for hands.
Your natural rate of healing is unusually fast.
You are covered in fur. (AC +1)
You have extremely tough skin. (AC +3)


Message History

* * * LOW HITPOINT WARNING * * *
The orc priest hits you but does no damage.
Items here: )) [[ †.
You barely miss the orc priest. The orc priest barely misses you.
You scratch the orc priest but do no damage.
Your claw misses the orc priest.
The orc priest looks braver for a moment.
You scratch the orc priest but do no damage.
The orc priest mumbles some strange prayers to Beogh against you.
Beogh smites you!
* * * LOW HITPOINT WARNING * * *
You scratch the orc priest.
The orc priest is lightly wounded.
The orc priest looks braver for a moment.
You closely miss the orc priest.
The orc priest is lightly wounded.
You barely miss the orc priest.
The orc priest is lightly wounded.
The orc priest hits you with a +0 vorpal hand axe.
You die...

#..#...##..........
#..#...##.###......
##.#.(.##.#######..
#.#...##......)...
#.#...............
#.#..####.........
#.#.> ...........
#.# ##........# #@#
########## #o#
#ro..# #S...#
#...... #.##.....
#.. ..... ### ....
....


You could see an orc priest, an adder, an orc and a rat.

Vanquished Creatures
  A black bear (D:2)
  An orc priest (D:3)
  3 gnolls (D:3)
  7 adders
  2 worms (D:2)
  A leopard gecko (D:2)
  5 orcs (D:3)
  3 bats
  6 giant cockroaches
  6 goblins
  3 hobgoblins
  4 jackals (D:3)
  3 frilled lizards
  5 kobolds
  10 rats
60 creatures vanquished.

Notes
Turn   | Place    | Note
-------+----------+-------------------------------------------
     0 | D:1      | somkeydreadnuts the Troll Monk began the quest for the Orb.
     0 | D:1      | Reached XP level 1. HP: 22/22 MP: 0/0
   285 | D:1      | Reached XP level 2. HP: 29/29 MP: 1/1
   559 | D:2      | Reached XP level 3. HP: 36/36 MP: 2/2
   766 | D:2      | Noticed a black bear
   782 | D:2      | HP: 1/36 [black bear (4)]
   800 | D:2      | Killed a black bear
   800 | D:2      | Reached skill level 4 in Unarmed Combat
   800 | D:2      | Reached XP level 4. HP: 3/45 MP: 3/3
   800 | D:2      | Reached XP level 5. HP: 4/53 MP: 4/4
  1490 | D:3      | Found a faded altar of an unknown god.
  1829 | D:3      | Reached skill level 5 in Unarmed Combat
  1829 | D:3      | Reached XP level 6. HP: 13/61 MP: 5/5
  1833 | D:3      | HP: 1/61 [orc priest/divine providence (13)]
  1836 | D:3      | Slain by an orc priest

Illustrated notes

Levels and vault maps discovered:
D:1:      lemuel_arrival_muddy, layout_rooms
D:2:      layout_basic
D:3:      layout_basic, chequers_ecumenical_altar_island, dk_noncrumbling_3

Skill      XL: |  1  2  3  4  5 |
---------------+----------------+-----
Fighting       | 3 |  3.1
Dodging        | 3 |  3.4
Unarmed Combat | 4 5 |  5.1
Stealth        | |  1.6

Action                   |  1- 3 |  4- 6 || total
-------------------------+-------+-------++-------
Melee: Unarmed           |    89 |    95 ||   184
       Punch             |     3 |     2 ||     5
 Stab: Sleeping          |     3 |     3 ||     6
Armor: Robe              |    32 |    18 ||    50
Dodge: Dodged            |    51 |    27 ||    78
Block: Other             |    13 |    15 ||    28

Table legend: (Time is in decaauts)
 A = Elapsed time spent in this place.
 B = Non-inter-level travel time spent in this place.
 C = Inter-level travel time spent in this place.
 D = Time resting spent in this place.
 E = Time spent auto-exploring this place.
 F = Levels seen in this place.
 G = Mean time per level.
                   A        B        C        D        E       F      G
               +--------+--------+--------+--------+--------+-----+--------+
         Total |   1835 |   1646 |    189 |      0 |   1165 |   3 |  611.7 |
       Dungeon |   1835 |   1646 |    189 |      0 |   1165 |   3 |  611.7 |
               +--------+--------+--------+--------+--------+-----+--------+

Top non-repeatable levels by time:
     D:2: 875 daAuts
     D:3: 498 daAuts
     D:1: 461 daAuts
